 Dungeon Crawl Stone Soup version 0.32-a0-909-gc671339 (webtiles) character file.

Game seed: 12346956599207546490

3664 NobodyHome the Mimic (level 10, -3/74 HPs)
             Began as a Merfolk Shapeshifter on Apr 5, 2024.
             Was a Plaything of Xom.
             Killed from afar by an electric eel (10 damage)
             ... with a bolt of electricity
             ... on level 8 of the Dungeon on Apr 6, 2024.
             The game lasted 00:29:48 (6684 turns).

NobodyHome the Mimic (Merfolk Shapeshifter)         Turns: 6684, Time: 00:29:49

Health: -3/74      AC:  6    Str: 18    XL:     10   Next: 12%
Magic:  0/10       EV: 21    Int: 10    God:    Xom [..*...]
Gold:   336        SH:  0    Dex: 14    Spells: 9/9 levels left

rFire   . .          .
                       - Unarmed
rCold   . . .        (shield currently unavailable)
rNeg    . . .        n - melded +3 ring mail
rPois   .            (no helmet)
rElec   .            B - +0 cloak {Will+}
rCorr   .            F - +0 pair of gloves
SInv    .            (no boots)
Will    +....        k - amulet of guardian spirit
Stlth   +            l - +4 ring of protection
HPRegen 0.32/turn    w - +5 ring of evasion
MPRegen 0.12/turn

%: guardian spirit
@: flux-form, hasted, glowing, very quick
A: glow, contaminating, (nimble swimmer 2), mertail
a: Begin Untransformation, Renounce Religion


You were on level 8 of the Dungeon.
You worshipped Xom.
You were a toy of Xom.
You were something dangerously unstable.
You visited 2 branches of the dungeon, and saw 9 of its levels.

You collected 336 gold pieces.

Inventory:

Hand Weapons
 C - a +4 quarterstaff of chaos
Missiles
 b - 16 poisoned darts (quivered)
 D - 2 throwing nets
Armour
 a - a +0 animal skin
 i - a +2 robe of willpower
 n - a +3 ring mail (melded)
 v - a +0 helmet
 x - a +0 tower shield
 B - a +0 cloak of willpower (worn)
 F - a +0 pair of gloves (worn)
Jewellery
 k - an amulet of guardian spirit (around neck)
 l - a +4 ring of protection (left hand)
 s - an amulet of magic regeneration
 w - a +5 ring of evasion (right hand)
 z - a ring of ice
 E - a +6 ring of strength
 G - a ring of fire
Talismans
 c - a beast talisman
 d - a flux talisman (active)
Wands
 y - a wand of charming (11)
Scrolls
 e - 3 scrolls of vulnerability {unknown}
 g - a scroll of blinking {unknown}
 h - 7 scrolls of identify
 o - a scroll of butterflies {unknown}
 p - a scroll of silence {unknown}
 r - 2 scrolls of enchant weapon {unknown}
 t - a scroll of brand weapon {unknown}
 A - a scroll of fog {unknown}
Potions
 f - 2 potions of haste
 j - 2 potions of attraction
 m - a potion of mutation {unknown}
 q - 2 potions of curing
 u - 2 potions of magic


   Skills:
 + Level 5.1 Fighting
 - Level 3.3 Armour
 - Level 3.0 Dodging
 + Level 8.6 Unarmed Combat
 * Level 12.7 Shapeshifting


You had 9 spell levels left.
You didn't know any spells.
Your spell library contained the following spells:

 Spells                   Type           Power      Damage    Failure   Level
 Foxfire                  Conj/Fire      0%         2x1d4     36%         1
 Summon Forest            Summ/Tloc      0%         N/A       100%        5
 Eringya's Noxious Bog    Alch           0%         4d6       100%        6
 Plasma Beam              Fire/Air       0%         2x1d10    100%        6
 Starburst                Conj/Fire      0%         6d3       100%        6
 Summon Hydra             Summ           0%         N/A       100%        7


Dungeon Overview and Level Annotations

Branches:
Dungeon (8/15)             Temple (1/1) D:4
   Lair: D:8-11

Altars:
Ashenzari
Cheibriados
Dithmenos
Elyvilon
Fedhas
Gozag
Hepliaklqana
Kikubaaqudgha
Makhleb
Nemelex Xobeh
Okawaru
Qazlal
Ru
Sif Muna
Trog
Uskayaw
Vehumet
Wu Jian
Xom
Yredelemnul
Zin
The Shining One
Beogh

Shops:
D:4 (   D:7 [


Innate Abilities, Weirdness & Mutations

You are something dangerously unstable.
You glow with magical radiation, making you easy to see and hit.
Foes you strike become dangerously contaminated with magical radiation.
You are incapable of wielding weapons or throwing items.
((You are very nimble when in or above water. (Stealth+, EV+, Speed+++)))
Your lower body shifts to a powerful aquatic tail in water.


Message History

The bolt of electricity hits you!
The electric eel shoots out a bolt of lightning at you!
The bolt of electricity hits you!
The electric eel shoots out a bolt of lightning at you!
The bolt of electricity hits the plant!
The plant begins to die.
The bolt of electricity hits you.
The electric eel shoots out a bolt of lightning at you!
The bolt of electricity hits the plant!
The plant begins to die.
The bolt of electricity hits you!
The electric eel shoots out a bolt of lightning at you!
The bolt of electricity hits you!
The electric eel shoots out a bolt of lightning at you!
The bolt of electricity hits the plant.
The plant begins to die.
The bolt of electricity hits the plant!
The bolt of electricity hits the electric eel.
The electric eel completely resists.
The bolt of electricity hits you!
The electric eel shoots out a bolt of lightning at you!
The bolt of electricity hits you!
* * * LOW HITPOINT WARNING * * *
You feel yourself speed up. Xom grants you insight.
You detect creatures!
The electric eel shoots out a bolt of lightning at you!
The bolt of electricity hits the plant!
The bolt of electricity misses you.
The electric eel shoots out a bolt of lightning at you!
The bolt of electricity hits the plant! x2
The bolt of electricity hits the electric eel.
The electric eel completely resists.
The bolt of electricity hits you!
* * * LOW HITPOINT WARNING * * *
The electric eel shoots out a bolt of lightning at you!
The bolt of electricity misses you.
The electric eel shoots out a bolt of lightning at you!
The bolt of electricity hits the plant!
The plant begins to die.
The bolt of electricity hits the electric eel.
The electric eel completely resists.
The bolt of electricity hits you.
* * * LOW HITPOINT WARNING * * *
The electric eel shoots out a bolt of lightning at you!
The bolt of electricity hits you!
You die...
Xom bursts into laughter!

.... ######..#####+###
~~~P~~...........#
~~P~P~...........#
P~S~S............# ###
P~~PP~...........# ..#
≈~~P~S...........#######.#
≈SP~S....p.......#........ P
~P~~.............#.#...... P
P≈~~P~~~............#.#.##...
P≈~~P~~.......#'####.#.##.##
~PP~~~P.....#.#.####.#.##.#
P~P~~~~.!.##)#......#....#
♣...##...###.#############
#P..+....# #)# #.P.#####
#)########### #


You could see 4 electric eels.

Vanquished Creatures
  A two-headed ogre (D:8)
  Pikel (D:6)
  Psyche (D:8)
  A wraith (D:6)
  Eustachio (D:4)
  2 vampire mosquitoes (D:8)
  2 acid dragons (D:8)
  A water moccasin (D:7)
  2 ice beasts
  An orc warrior (D:8)
  A sky beast (D:7)
  A lemure (D:6)
  3 kobold brigands
  A bullfrog (D:6)
  4 scorpions
  2 electric eels (D:8)
  3 hounds
  3 orc priests
  A jelly (D:5)
  Crazy Yiuf (D:6)
  An iguana (D:5)
  Natasha (thrice) (D:2)
  An orc wizard (D:8)
  3 gnolls (D:5)
  6 adders
  2 shadow imps
  4 dart slugs (D:1)
  2 ribbon worms (D:2)
  19 orcs
  6 bats
  4 endoplasms
  2 giant cockroaches
  6 goblins
  5 hobgoblins
  8 jackals
  5 quokkas
  10 ball pythons
  2 frilled lizards (D:1)
  17 kobolds
  5 rats
144 creatures vanquished.

Vanquished Creatures (collateral kills)
  An electric eel (D:8)
1 creature vanquished.

Vanquished Creatures (others)
  A hornet (D:8)
1 creature vanquished.

Grand Total: 146 creatures vanquished

Notes
Turn   | Place    | Note
-------+----------+-------------------------------------------
     0 | D:1      | NobodyHome the Merfolk Shapeshifter began the quest for the
                  | Orb.
     0 | D:1      | Reached XP level 1. HP: 15/15 MP: 1/1
   141 | D:1      | Reached XP level 2. HP: 21/21 MP: 2/2
   356 | D:1      | Found a roughly hewn altar of Beogh.
   370 | D:1      | Reached XP level 3. HP: 20/27 MP: 3/3
   455 | D:1      | Found a faded altar of an unknown god.
  1160 | D:2      | Reached skill level 5 in Shapeshifting
  1249 | D:2      | Reached XP level 4. HP: 23/33 MP: 4/4
  1300 | D:2      | Noticed Natasha
  1306 | D:2      | Killed Natasha
  1428 | D:2      | Noticed Natasha
  1438 | D:2      | Killed Natasha
  1503 | D:2      | Noticed Natasha
  1508 | D:2      | Killed Natasha
  1509 | D:2      | Reached XP level 5. HP: 38/38 MP: 5/5
  1632 | D:2      | Reached skill level 6 in Shapeshifting
  1905 | D:3      | Reached XP level 6. HP: 30/44 MP: 6/6
  2438 | D:3      | Found a glowing silver altar of Zin.
  2439 | D:3      | Found a hide-covered altar of Uskayaw.
  2439 | D:3      | Found a shadowy altar of Dithmenos.
  2439 | D:3      | Found a hazy altar of Hepliaklqana.
  2449 | D:3      | Found a bloodstained altar of Trog.
  2455 | D:3      | Found a broken altar of Ashenzari.
  2681 | D:4      | Reached skill level 7 in Shapeshifting
  2684 | D:4      | Reached skill level 5 in Unarmed Combat
  2707 | D:4      | Noticed Eustachio
  2748 | D:4      | Killed Eustachio
  2749 | D:4      | Reached skill level 1 in Armour
  2749 | D:4      | Reached XP level 7. HP: 45/50 MP: 7/7
  3057 | D:4      | Found Anledud's Weapon Shoppe.
  3144 | D:4      | Found a staircase to the Ecumenical Temple.
  3228 | Temple   | Entered the Ecumenical Temple
  3295 | Temple   | Became a worshipper of Xom of Chaos
  3377 | D:5      | Entered Level 5 of the Dungeon
  3395 | D:5      | Found an opulent altar of Gozag.
  3407 | D:5      | XOM: silly message
  3434 | D:5      | Reached skill level 8 in Shapeshifting
  3440 | D:5      | XOM: potion effect (heal wounds)
  3464 | D:5      | XOM: silly message
  3662 | D:5      | XOM: silly message
  3877 | D:5      | XOM: silly message
  3925 | D:5      | XOM: potion effect (curing)
  3960 | D:5      | XOM: divination: detect items
  4081 | D:6      | Noticed a wraith
  4088 | D:6      | XOM: potion effect (brilliance)
  4090 | D:6      | Reached XP level 8. HP: 42/56 MP: 8/8
  4098 | D:6      | XOM: potion effect (invisibility)
  4107 | D:6      | XOM: noise
  4108 | D:6      | Killed a wraith
  4109 | D:6      | Reached skill level 9 in Shapeshifting
  4234 | D:5      | Upgraded the game from 0.32-a0-900-g30fb1b0 to
                  | 0.32-a0-905-g2ec9e35
  4261 | D:6      | XOM: divination: detect creatures
  4603 | D:6      | XOM is BORED!
  4603 | D:6      | XOM: silly message
  4662 | D:6      | Noticed Pikel
  4667 | D:6      | XOM: silly message
  4669 | D:6      | XOM: potion effect (brilliance)
  4671 | D:6      | XOM: divination: magic mapping
  4686 | D:6      | XOM: divination: magic mapping
  4688 | D:6      | Killed Pikel
  4689 | D:6      | Reached skill level 10 in Shapeshifting
  4806 | D:6      | XOM: silly message
  4848 | D:6      | XOM: potion effect (heal wounds)
  4854 | D:6      | Reached XP level 9. HP: 56/61 MP: 9/9
  4946 | D:6      | XOM: silly message
  5156 | D:6      | Found a runed translucent door.
  5157 | D:6      | Noticed Crazy Yiuf
  5163 | D:6      | Killed Crazy Yiuf
  5426 | D:7      | XOM: potion effect (might)
  5468 | D:7      | XOM: potion effect (attraction)
  5481 | D:7      | XOM: silly message
  5547 | D:7      | Upgraded the game from 0.32-a0-905-g2ec9e35 to
                  | 0.32-a0-909-gc671339
  5707 | D:7      | Found Liuntov's Antique Armour Boutique.
  5886 | D:7      | XOM: divination: magic mapping
  5899 | D:7      | Reached skill level 11 in Shapeshifting
  5903 | D:7      | XOM: noise
  5952 | D:7      | XOM is BORED!
  5971 | D:8      | Noticed a hornet
  5971 | D:8      | Noticed a two-headed ogre
  5973 | D:8      | XOM: enchant monster (good)
  5984 | D:8      | Killed a two-headed ogre
  5988 | D:8      | XOM: blink monster(s)
  6067 | D:8      | Noticed Psyche
  6080 | D:8      | Killed Psyche
  6081 | D:8      | Reached skill level 12 in Shapeshifting
  6102 | D:8      | XOM: silly message
  6135 | D:8      | XOM: cloud trail
  6285 | D:8      | XOM: silly message
  6457 | D:8      | Reached XP level 10. HP: 73/73 MP: 8/10
  6479 | D:8      | XOM: silly message
  6526 | D:8      | Reached skill level 5 in Fighting
  6609 | D:8      | XOM: potion effect (haste)
  6635 | D:8      | Found a sparkling altar of Nemelex Xobeh.
  6635 | D:8      | XOM: 3-stop teleportation journey
  6683 | D:8      | XOM: divination: detect creatures
  6684 | D:8      | Killed from afar by an electric eel

Illustrated notes

Levels and vault maps discovered:
D:1:      roadster_arrival_rocket_small, layout_loops_ring,
          hellmonk_ecumenical_altar_defaced_shrine, minmay_close_crescents
D:2:      layout_loops_ring, kennysheep_generic_room_10, uniq_natasha
D:3:      minmay_recursive_quarters, layout_rooms, minmay_overflow_temple_hex
D:4:      layout_loops_ring, minmay_temple_entry_overgrown, serial_shops, shop,
          ebering_dispersal_statue_hall, uniq_eustachio
D:5:      layout_basic, grunt_gozag_statues, minmay_door_square,
          grunt_ministairs_11
D:6:      layout_rooms, grunt_ministairs_15, nicolae_benzene_ring,
          uniq_crazy_yiuf_cottage, uniq_pikel
D:7:      layout_basic, serial_shops, shop
D:8:      layout_basic, mainiacjoe_overflow_tiny_flanked, serial_bayou,
          serial_bayou_lagoon_a, serial_bayou_shore_a, serial_bayou_pond_b,
          serial_bayou_shore_b, uniq_psyche, uniq_maggie
Temple:   nicolae_temple_great_sept

Skill      XL: |  1  2  3  4  5  6  7  8  9 10 |
---------------+-------------------------------+-----
Dodging        | 3 |  3.0
Fighting       | 2 4 5 |  5.1
Shapeshifting  | 5 6 7 8 10 12 | 12.7
Unarmed Combat | 4 5 6 7 8 |  8.6
Armour         | 1 2 3 |  3.3

Action                     |  1- 3 |  4- 6 |  7- 9 | 10-12 || total
---------------------------+-------+-------+-------+-------++-------
  Melee: Unarmed           |    95 |   136 |   266 |    20 ||   517
         Punch             |     2 |     3 |     1 |       ||     6
  Evoke: Wand              |       |       |     2 |       ||     2
    Use: Potion            |       |       |     6 |     1 ||     7
         Scroll            |       |       |     1 |       ||     1
   Stab: Sleeping          |     1 |     2 |       |       ||     3
 Armour: Animal skin       |    52 |    13 |       |       ||    65
         Ring mail         |       |   101 |    71 |       ||   172
         Skin              |       |       |    48 |    20 ||    68
  Dodge: Dodged            |    62 |    77 |   161 |    16 ||   316
   Form: Flux              |       |       |     1 |       ||     1

Table legend: (Time is in decaauts)
 A = Elapsed time spent in this place.
 B = Non-inter-level travel time spent in this place.
 C = Inter-level travel time spent in this place.
 D = Time resting spent in this place.
 E = Time spent auto-exploring this place.
 F = Levels seen in this place.
 G = Mean time per level.
                   A        B        C        D        E       F      G
               +--------+--------+--------+--------+--------+-----+--------+
         Total |   6602 |   6349 |    253 |    542 |   4198 |   9 |  733.6 |
       Dungeon |   6522 |   6269 |    253 |    542 |   4198 |   8 |  815.2 |
        Temple |     79 |     79 |      0 |      0 |      0 |   1 |   79.0 |
               +--------+--------+--------+--------+--------+-----+--------+

Top non-repeatable levels by time:
     D:6: 1171 daAuts
     D:1: 976 daAuts
     D:2: 915 daAuts
     D:5: 771 daAuts
     D:4: 748 daAuts
     D:8: 655 daAuts
     D:3: 644 daAuts
     D:7: 638 daAuts
  Temple: 79 daAuts
